 Dungeon Crawl Stone Soup version 0.25.1-2-g60ff931df9 (webtiles) character file.

Game seed: 8648567097749242101

445 gruber the Insei (level 7, 0/43 HPs)
             Began as an Octopode Transmuter on Oct 22, 2020.
             Was a Follower of Sif Muna.
             Slain by an orc warrior
             ... wielding a +0 war axe
              (25 damage)
             ... on level 4 of the Dungeon.
             The game lasted 00:04:50 (4171 turns).

gruber the Insei (Octopode Transmuter)              Turns: 4171, Time: 00:04:51

Health: 0/43       AC:  2    Str:  9    XL:     7   Next: 3%
Magic:  3/10       EV: 20    Int: 17    God:    Sif Muna [*.....]
Gold:   319        SH:  0    Dex: 18    Spells: 4/10 levels left

rFire    + . .     SeeInvis .     - Unarmed
rCold    . . .     Gourm    .   (shield currently unavailable)
rNeg     . . .     Faith    .   (helmet currently unavailable)
rPois    x         Spirit   .   o - amulet of regeneration
rElec    .         Reflect  .   r - ring of protection from fire
rCorr    .         Harm     .   (no ring)
MR       .....                  (no ring)
Stlth    ++........             (no ring)
HPRegen  0.54/turn              (no ring)
MPRegen  0.12/turn              (no ring)
                                (no ring)
                                (no ring)

@: spider-form
A: tiny, almost no armour, stealthy swim, (amphibious), 8 rings, (constrict 8)
a: End Transformation, Channel Magic, Renounce Religion


You were on level 4 of the Dungeon.
You worshipped Sif Muna.
Sif Muna was aware of your devotion.
You were not hungry.
You were a venomous arachnid creature.
You visited 1 branch of the dungeon, and saw 5 of its levels.

You collected 319 gold pieces.

Inventory:

Missiles
 a - 30 arrows
 k - 6 poisoned darts (quivered)
Jewellery
 o - an amulet of regeneration (around neck)
 r - a ring of protection from fire (left front leg)
Scrolls
 b - a scroll of blinking {unknown}
 g - 3 scrolls of identify {unknown}
 i - 3 scrolls of remove curse {unknown}
 j - 2 scrolls of enchant armour {unknown}
 n - a scroll of teleportation {unknown}
 p - a scroll of immolation {unknown}
 s - a scroll of fog {unknown}
 t - a scroll of amnesia {unknown}
Potions
 d - 5 potions of haste {unknown}
 e - 2 potions of heal wounds {unknown}
 f - 3 potions of invisibility {unknown}
 h - a potion of might {unknown}
 l - a potion of flight {unknown}
 m - a potion of resistance {unknown}
 q - a potion of degeneration {unknown}
 v - a potion of mutation {unknown}
Comestibles
 c - 7 rations


   Skills:
 - Level 1.0 Fighting
 - Level 2.0 Dodging
 - Level 6.0 Unarmed Combat
 - Level 2.0 Spellcasting
 - Level 4.3 Transmutations
 + Level 2.7 Poison Magic


You had 4 spell levels left.
You knew the following spells:

 Your Spells              Type           Power        Failure   Level  Hunger
a - Beastly Appendage     Tmut           ###...       11%         1    #......
b - Sticks to Snakes      Tmut           ###.....     14%         2    ###....
c - Spider Form           Tmut/Pois      ##........   32%         3    ###....

Your spell library contained the following spells:

 Spells                   Type           Power        Failure   Level  Hunger
 Ice Form                 Ice/Tmut       #.......     80%         4    #####..
 Blade Hands              Tmut           ###.......   83%         5    ######.


Dungeon Overview and Level Annotations

Branches:
Dungeon (5/15)
 Temple: D:4-7

Altars:
Elyvilon
Fedhas
Gozag
Kikubaaqudgha
Okawaru
Sif Muna
Trog

Annotations:
D:3 2 transporters, Frank's ghost, amateur DsGl


Innate Abilities, Weirdness & Mutations

You cannot wear most types of armour.
You are very stealthy in the water. (Stealth+)
((You are amphibious.))
You can wear up to eight rings at the same time.
((You can use your tentacles to constrict eight enemies at once.))
((Your skin changes colour to match your surroundings (Stealth+).))
((Your rubbery body absorbs attacks. (AC +1, EV +1)))


Message History

You hit the orc warrior but do no damage.
The orc warrior is poisoned.
The orc warrior closely misses you.
You hit the orc warrior.
The orc warrior looks as sick as possible!
The orc warrior is lightly wounded.
The orc misses you.
The orc warrior hits you with a +0 war axe!
You closely miss the orc warrior.
The orc warrior is moderately wounded.
The orc completely misses you.
You hit the orc warrior but do no damage.
The orc warrior is heavily wounded.
The orc warrior hits you with a +0 war axe!
The orc completely misses you.
You bite the orc warrior!
The orc warrior looks as sick as possible!
The orc warrior is severely wounded.
The orc warrior hits you with a +0 war axe!!
Ouch! That really hurt!
You die...

##.###..##..######.#..##..###
.......###....#.##.....##..>#
.......###....[.##.....##.###
.......##...............#...##
........##..............#....####
........#.............<..#...##..
................[....##.##..##...
.........##...........#.#....#...
.........##.....s...♣♣♣♣♣........
............[..oo#..♣###♣##..#..#
......###......[>#..♣#_#♣##...###
...####_##.#...)....♣#'#♣.#..####
..#####.####........♣♣.♣♣#......#
.## #..##.#..........#...........
.# #.##..#...#.....####.........
.## #.#.###..##....## ####.#....
..# ##.####.........# ###.###


You could see an orc warrior (extremely poisoned) and an orc.

Vanquished Creatures
  2 phantoms (D:4)
  2 orc priests (D:4)
  4 worker ants
  An adder (D:3)
  3 gnolls (D:3)
  An ooze (D:2)
  14 orcs
  6 bats
  3 giant cockroaches (D:2)
  3 goblins
  6 hobgoblins
  11 jackals
  6 kobolds
  3 quokkas (D:2)
  5 frilled lizards
  A rat (D:2)
71 creatures vanquished.

Vanquished Creatures (collateral kills)
  A gnoll (D:3)
1 creature vanquished.

Grand Total: 72 creatures vanquished

Notes
Turn   | Place    | Note
-------+----------+-------------------------------------------
     0 | D:1      | gruber the Octopode Transmuter began the quest for the Orb.
     0 | D:1      | Reached XP level 1. HP: 13/13 MP: 3/3
   186 | D:1      | Reached XP level 2. HP: 18/18 MP: 5/5
  1080 | D:2      | Reached skill level 4 in Unarmed Combat
  1301 | D:2      | Reached XP level 3. HP: 23/23 MP: 6/6
  2360 | D:3      | Found an ancient bone altar of Kikubaaqudgha.
  2413 | D:3      | Reached XP level 4. HP: 28/28 MP: 7/7
  2417 | D:3      | Reached skill level 5 in Unarmed Combat
  2580 | D:3      | Found a transporter.
  2651 | D:3      | Found a blossoming altar of Fedhas.
  2817 | D:3      | Found an opulent altar of Gozag.
  2860 | D:3      | Found an iron altar of Okawaru.
  2864 | D:3      | Found a shimmering blue altar of Sif Muna.
  2875 | D:3      | Became a worshipper of Sif Muna the Loreminder
  2901 | D:3      | Found a transporter.
  2903 | D:3      | Noticed Frank's ghost (amateur DsGl)
  2927 | D:2      | Learned a level 2 spell: Sticks to Snakes
  2931 | D:2      | Learned a level 3 spell: Spider Form
  3035 | D:4      | Noticed a phantom
  3044 | D:4      | Reached XP level 5. HP: 18/33 MP: 4/8
  3052 | D:4      | Reached skill level 6 in Unarmed Combat
  3324 | D:4      | Reached skill level 1 in Poison Magic
  3427 | D:4      | Found a white marble altar of Elyvilon.
  3592 | D:3      | Reached XP level 6. HP: 26/38 MP: 7/9
  3816 | D:4      | Killed a phantom
  3816 | D:4      | Reached * piety under Sif Muna
  3999 | D:4      | Noticed a phantom
  4008 | D:4      | Found a bloodstained altar of Trog.
  4016 | D:4      | Killed a phantom
  4016 | D:4      | Reached XP level 7. HP: 14/43 MP: 5/10
  4140 | D:5      | Entered Level 5 of the Dungeon
  4171 | D:4      | Slain by an orc warrior

Illustrated notes

Levels and vault maps discovered:
D:1:      elethiomel_arrival_maze, layout_basic
D:2:      layout_loops_corners, first_ration
D:3:      layout_rooms, chequers_temple_overflow_statue_of_worship,
          old_standard_altar, kiku_gazebo_garden_becter, lemuel_round_altar,
          gammafunk_ghost_mausoleum, minmay_quantized
D:4:      layout_cave_pools, marbit_many_paths, kennysheep_mini_moat
D:5:      layout_rooms, kennysheep_little_box, serial_glass, glass_columns_a,
          glass_columns_a, basic_altar, kennysheep_cross_room

Skill      XL: |  1  2  3  4  5  6 |
---------------+-------------------+-----
Unarmed Combat | 4 5 6 |  6.0
Poison Magic   | 1 2 |  2.7
Transmutations | 4 |  4.3
Fighting       | |  1.0
Dodging        | |  2.0
Spellcasting   | |  2.0

Action                   |  1- 3 |  4- 6 |  7- 9 || total
-------------------------+-------+-------+-------++-------
Melee: Unarmed           |    93 |   108 |    14 ||   215
       Constrict         |    27 |    15 |       ||    42
       Tentacles         |    15 |    10 |       ||    25
       Kick              |       |    17 |       ||    17
       Punch             |       |     3 |       ||     3
Throw: Dart              |       |     6 |       ||     6
 Cast: Beastly Appendage |       |     8 |       ||     8
       Spider Form       |       |     4 |     2 ||     6
       Sticks to Snakes  |       |     9 |     2 ||    11
 Stab: Sleeping          |     9 |       |       ||     9
       Distracted        |       |     1 |       ||     1
  Eat: Chunk             |     4 |     7 |     1 ||    12
Armor: Skin              |    11 |     5 |     1 ||    17
Dodge: Dodged            |    65 |    71 |    14 ||   150
